 Dungeon Crawl Stone Soup version 0.23.2-40-g277498a001 (webtiles) character file.

Game seed: 12072884921373168609

209 MalarOregon the Digger (level 5, -5/28 HPs)
             Began as a Gargoyle Earth Elementalist on Sept 1, 2019.
             Slain by an orc warrior
             ... wielding a +0 long sword
              (19 damage)
             ... on level 2 of the Dungeon.
             The game lasted 00:11:24 (3912 turns).

MalarOregon the Digger (GrEE)                       Turns: 3912, Time: 00:11:25

Health: -5/28      AC:  6    Str: 12    XL:     5   Next: 87%
Magic:  9/9        EV: 12    Int: 16    God:
Gold:   156        SH:  0    Dex: 10    Spells: 4/10 levels left

rFire    . . .     SeeInvis .   l - +2 mace (holy)
rCold    . . .     Gourm    .   (no shield)
rNeg     + . .     Faith    .   c - +0 robe
rPois    ∞         Spirit   .   (no helmet)
rElec    +         Reflect  .   d - scarf {repulsion}
rCorr    .         Harm     .   (no gloves)
MR       .....                  (no boots)
Stlth    ++........             (no amulet)
HPRegen  0.09/turn              (no ring)
MPRegen  0.11/turn              (no ring)

@: repel missiles
A: negative energy resistance 1, electricity resistance, unbreathing,
petrification resistance, rot immunity, AC +4
a: no special abilities


You were on level 2 of the Dungeon.
You were hungry.

You visited 1 branch of the dungeon, and saw 3 of its levels.

You collected 156 gold pieces.

Inventory:

Hand Weapons
 l - a +2 mace of holy wrath (weapon)
   (You found it on level 1 of the Dungeon)
Missiles
 b - 136 stones (quivered)
Armour
 c - a +0 robe (worn)
 d - a scarf of repulsion (worn)
   (You found it on level 1 of the Dungeon)
Scrolls
 a - a scroll of enchant weapon
 i - a scroll of teleportation {unknown}
 o - 2 scrolls of remove curse {@r2}
Potions
 f - a potion of haste {unknown}
 g - a potion of lignification {!q}
 j - a potion of resistance {unknown}
 m - 3 potions of degeneration {unknown}
 n - 2 potions of curing {@q1}
Comestibles
 e - 5 rations {!d}


   Skills:
 - Level 1.5 Dodging
 - Level 2.1 Stealth
 + Level 3.2 Spellcasting
 + Level 2.2 Conjurations
 - Level 0.7 Transmutations
 * Level 6.1 Earth Magic


You had 4 spell levels left.
You knew the following spells:

 Your Spells              Type           Power        Failure   Level  Hunger
a - Sandblast             Erth           ###...       1%          1    None
q - Passwall              Tmut/Erth      ##......     7%          2    ##.....
x - Stone Arrow           Conj/Erth      ###...       10%         3    ###....

Your spell library contained the following spells:

 Spells                   Type           Power        Failure   Level  Hunger
 Beastly Appendage        Tmut           #.....       14%         1    None
 Sticks to Snakes         Tmut           #.......     21%         2    ##.....
 Petrify                  Tmut/Erth      ##......     41%         4    ####...
 Spider Form              Tmut/Pois      #.........   43%         3    ###....
 Ice Form                 Ice/Tmut       #.......     83%         4    ####...
 Lee's Rapid Deconstruct  Erth           ###.......   38%         5    ######.
 Blade Hands              Tmut           #.........   98%         5    ######.


Dungeon Overview and Level Annotations

Branches:
Dungeon (3/15)

Altars:
Elyvilon
Zin

Annotations:
D:2 Orc warrior++


Innate Abilities, Weirdness & Mutations

You are resistant to torment.
Your stone body is resilient. (AC +4)
You are immune to poison.
You resist negative energy. (rN+)
You are resistant to electric shocks. (rElec)
You can survive without breathing.
You are immune to petrification.
You are immune to rotting.


Message History

You are feeling hungry.
There is a stone staircase leading up here.
The orc wizard mumbles some strange words.
The orc wizard flickers and vanishes!
Deactivating autopickup; reactivate with Ctrl-A.
Aim: an orc warrior, wielding a +0 long sword and wearing a cursed +0 plate armour (lightly wounded)
The stone arrow hits the orc warrior!
The orc warrior hits you with a +0 long sword!
You don't have enough magic to cast that spell.
A magic dart appears from out of thin air!
The magic dart hits you.
* * * LOW HITPOINT WARNING * * *
There is a stone staircase leading up here.
b - 137 stones The orc warrior misses you.
The blast of sand hits something!
Reactivating autopickup.
You feel a bit more experienced.
b - 136 stones The orc warrior hits you with a +0 long sword!
* * * LOW HITPOINT WARNING * * *
Things that are here:
a cursed -3 dagger; a +0 robe
There is a stone staircase leading up here.
Things that are here:
a cursed -3 dagger; a +0 robe
There is a stone staircase leading up here.
Things that are here:
a cursed -3 dagger; a +0 robe All of the chunks of flesh in your inventory have rotted away.
There is a stone staircase leading up here.
Things that are here:
a cursed -3 dagger; a +0 robe
There is a stone staircase leading up here.
Things that are here:
a cursed -3 dagger; a +0 robe
There is a stone staircase leading up here.
Things that are here:
a cursed -3 dagger; a +0 robe
There is a stone staircase leading up here.
Things that are here:
a cursed -3 dagger; a +0 robe
There is a stone staircase leading up here.
You climb upwards.
There is a stone staircase leading down here.
You climb downwards.
Level annotation: Orc warrior++ The orc warrior hits you with a +0 long sword!!
Ouch! That really hurt!
You die...

#########
#########...[.o.#
#..........####@#
#.##.#.##..####.#
#.##.#.......##.#####
##.##....#..#........#
#...........####.###.#
#.......##....)..#...#
#<#...############.###
#.#.#.# #.....# #.#
......###.....# #.#


You could see an orc warrior.

Vanquished Creatures
  2 orc priests
  An orc wizard (D:2)
  7 adders
  2 oozes
  2 worms (D:3)
  A dart slug (D:2)
  5 orcs (D:3)
  5 bats
  4 goblins
  6 hobgoblins
  A quokka (D:2)
  A ball python (D:2)
  A frilled lizard (D:2)
  7 kobolds
  6 rats
51 creatures vanquished.

Notes
Turn   | Place    | Note
-------+----------+-------------------------------------------
     0 | D:1      | MalarOregon the Gargoyle Earth Elementalist began the quest
                  | for the Orb.
     0 | D:1      | Reached XP level 1. HP: 10/10 MP: 3/3
   193 | D:1      | Reached skill level 4 in Earth Magic
   193 | D:1      | Reached XP level 2. HP: 15/15 MP: 0/5
   768 | D:2      | Found a faded altar of an unknown god.
   774 | D:2      | Learned a level 2 spell: Passwall
   775 | D:2      | Reached XP level 3. HP: 19/19 MP: 1/6
   823 | D:2      | Learned a level 3 spell: Stone Arrow
  1109 | D:2      | Reached skill level 5 in Earth Magic
  1190 | D:2      | Reached skill level 1 in Conjurations
  1190 | D:2      | Reached XP level 4. HP: 24/24 MP: 5/8
  1261 | D:2      | Noticed an orc warrior
  1846 | D:1      | HP: 1/24 [orc warrior/+0 long sword (20)]
  2248 | D:3      | Reached XP level 5. HP: 28/28 MP: 1/9
  2320 | D:3      | Found a glowing silver altar of Zin.
  2965 | D:3      | Found a white marble altar of Elyvilon.
  3053 | D:3      | HP: 1/28 [orc priest/divine providence (13)]
  3482 | D:3      | Reached skill level 6 in Earth Magic
  3912 | D:2      | Slain by an orc warrior

Skill      XL: |  1  2  3  4  5 |
---------------+----------------+-----
Earth Magic    | 4 5 6 |  6.1
Conjurations   | 1 2 |  2.2
Spellcasting   | 3 |  3.2
Dodging        | |  1.5
Stealth        | |  2.1
Transmutations | |  0.7

Action                   |  1- 3 |  4- 6 || total
-------------------------+-------+-------++-------
Melee: Unarmed           |     4 |       ||     4
       Dagger            |     2 |       ||     2
       Mace              |     1 |    32 ||    33
 Cast: Sandblast         |    33 |    25 ||    58
       Stone Arrow       |       |    26 ||    26
  Use: Scroll            |       |     6 ||     6
 Stab: Sleeping          |     1 |     1 ||     2
  Eat: Chunk             |     1 |     7 ||     8
       Ration            |       |     1 ||     1
Armor: Robe              |     2 |    19 ||    21
Dodge: Dodged            |     4 |    54 ||    58
       Deflected         |     1 |       ||     1
